 Dungeon Crawl Stone Soup version 0.17-a0-1421-g95311d7 (webtiles) character file.

392 Fluffy the Cudgeler (level 6, -5/37 HPs)
             Began as a Gargoyle Fighter on June 24, 2015.
             Was an Initiate of the Shining One.
             Slain by an orc warrior
             ... wielding a +0 hand axe
              (14 damage)
             ... on level 5 of the Dungeon.
             The game lasted 00:08:21 (3006 turns).

Fluffy the Cudgeler (Gargoyle Fighter)              Turns: 3006, Time: 00:08:21

Health: -5/37      AC: 16    Str: 19    XL:     6   Next: 81%
Magic:  6/6        EV:  5    Int:  9    God:    the Shining One [......]
Gold:   186        SH:  9    Dex: 11    Spells: 0 memorised, 5 levels left

rFire  + . .     SeeInvis .     a - +0 flail
rCold  . . .     Clarity  .     s - +0 chain mail
rNeg   + . .     SustAt   .     c - +0 shield
rPois  ∞         Gourm    .     (no helmet)
rElec  +         Spirit   .     v - +0 cloak
rCorr  .         Warding  .     w - +0 pair of gloves
rMut   .         Stasis   .     (no boots)
MR     .....                    (no amulet)
Stlth  ..........               (no ring)
                                (no ring)

@: not resistant to hostile enchantments, extremely unstealthy
A: breathe flames 1, fire resistance 1, negative energy resistance 1,
electricity resistance, unbreathing, petrification resistance, rot immunity, AC
+4
a: Renounce Religion, Breathe Fire


You were on level 5 of the Dungeon.
You worshipped the Shining One.
The Shining One was noncommittal.
You were hungry.

You visited 2 branches of the dungeon, and saw 8 of its levels.

You collected 186 gold pieces.

Inventory:

Hand weapons
 a - a +0 flail (weapon)
Armour
 c - a +0 shield (worn)
 s - a +0 chain mail (worn)
 v - a +0 cloak (worn)
 w - a +0 pair of gloves (worn)
Magical devices
 r - a wand of digging (9)
Scrolls
 g - a scroll of enchant weapon {unknown}
 h - 3 scrolls of identify {unknown}
 i - a scroll of teleportation {unknown}
 n - 5 scrolls of remove curse {unknown}
 p - 2 scrolls of fear {unknown}
 t - 2 scrolls of noise {unknown}
 y - a scroll of recharging {unknown}
Potions
 d - 2 potions of might
 f - a potion of brilliance {unknown}
 j - 2 potions of lignification {unknown}
 l - a potion of haste {unknown}
 m - a potion of agility {unknown}
 o - 3 potions of curing {unknown}
 u - a potion of cure mutation {unknown}
 x - a potion of poison {unknown}
 z - a potion of magic {unknown}
 A - a potion of heal wounds {unknown}
Comestibles
 e - 4 bread rations
 k - 2 meat rations
 q - 2 fruits


   Skills:
 + Level 3.6 Fighting
 + Level 6.4 Maces & Flails
 + Level 3.6 Armour
 + Level 3.5 Shields
 + Level 1.2 Invocations


You had 5 spell levels left.
You didn't know any spells.

Dungeon Overview and Level Annotations

Branches:
Dungeon (7/15)             Temple (1/1) D:4

Altars:
Ashenzari
Cheibriados
Dithmenos
Elyvilon
Fedhas
Makhleb
Okawaru
Qazlal
Ru
Sif Muna
Trog
Vehumet
Yredelemnul
Zin
The Shining One


Innate Abilities, Weirdness & Mutations

You are resistant to torment.
Your stone body is resilient (AC +4).
You are immune to poison.
You resist negative energy.
You are resistant to electric shocks.
You can survive without breathing.
You are immune to petrification.
You are immune to rotting.
You can breathe flames.
Your flesh is heat resistant.


Message History

The orc warrior is heavily wounded.
The orc warrior barely misses you.
You hit the orc warrior but do no damage.
The orc warrior is heavily wounded.
You block the orc warrior's attack.
You closely miss the orc warrior.
The orc warrior is heavily wounded.
The orc warrior hits you with a hand axe!
* * * LOW HITPOINT WARNING * * *
You are too injured to fight recklessly!
You hit the orc warrior but do no damage.
The orc warrior is heavily wounded.
The orc warrior barely misses you.
Your shield and chain mail prevent you from hitting the orc warrior.
The orc warrior is heavily wounded.
You block the orc warrior's attack.
You hit the orc warrior but do no damage.
The orc warrior is heavily wounded.
The orc warrior hits you with a hand axe!
You die...

...## .... ... #..
.. #.## #..# #@#
#o### #l..# ###.#
#.# #.#
...#######.######
....l..>..........
...#...###......!>


You could see an orc warrior and a giant gecko.

Vanquished Creatures
  A sky beast (D:6)
  A scorpion (D:6)
  An orc priest (D:3)
  An iguana (D:3)
  A worker ant (D:4)
  A hound skeleton (D:4)
  4 adders
  A shadow imp (D:4)
  2 oozes
  2 worms (D:3)
  2 giant geckos
  3 orcs
  2 giant cockroaches
  7 hobgoblins
  6 jackals
  11 kobolds
  A ball python (D:2)
  11 bats
  8 giant newts
  15 goblins
  3 quokkas
  6 rats
90 creatures vanquished.

Notes
Turn   | Place    | Note
--------------------------------------------------------------
     0 | D:1      | Fluffy the Gargoyle Fighter began the quest for the Orb.
     0 | D:1      | Reached XP level 1. HP: 14/14 MP: 1/1
   127 | D:1      | Reached XP level 2. HP: 19/19 MP: 2/2
   268 | D:1      | Reached XP level 3. HP: 21/23 MP: 3/3
   836 | D:2      | Found a blossoming altar of Fedhas.
   943 | D:2      | Reached skill level 4 in Maces & Flails
  1004 | D:2      | Found a deep blue altar of Sif Muna.
  1004 | D:2      | Found a radiant altar of Vehumet.
  1005 | D:2      | Found a shadowy altar of Dithmenos.
  1111 | D:3      | Reached XP level 4. HP: 26/28 MP: 4/4
  1113 | D:3      | Found a faded altar to an unknown god.
  1492 | D:3      | Found a bloodstained altar of Trog.
  1621 | D:3      | Reached skill level 5 in Maces & Flails
  1621 | D:3      | Reached XP level 5. HP: 30/32 MP: 5/5
  2345 | D:4      | Found a burning altar of Makhleb.
  2356 | D:4      | Found a shattered altar of Ashenzari.
  2570 | D:4      | Found a sacrificial altar of Ru.
  2611 | D:4      | Found a staircase to the Ecumenical Temple.
  2612 | D:4      | Reached skill level 6 in Maces & Flails
  2624 | Temple   | Entered the Ecumenical Temple
  2727 | D:4      | Reached XP level 6. HP: 37/37 MP: 6/6
  2759 | D:4      | Found a glowing golden altar of the Shining One.
  2775 | D:4      | Became a worshipper of the Shining One
  2791 | D:4      | You fall through a shaft for 3 floors!
  2928 | D:6      | Gained mutation: You can breathe flames. [mutagenic meat]
  2929 | D:6      | Gained mutation: Your flesh is heat resistant. [mutagenic meat]
  2930 | D:6      | Gained mutation: You possess an exceptional clarity of mind. [mutagenic meat]
  2931 | D:6      | Lost mutation: You possess an exceptional clarity of mind. [mutagenic meat]
  2953 | D:6      | Reached skill level 1 in Invocations
  2989 | D:5      | Entered Level 5 of the Dungeon
  3006 | D:5      | Slain by an orc warrior

Vault maps used:
D:1:      dpeg_arrival_boxorama, minmay_cupped
D:2:      fedhas_altar_3, gammafunk_temple_overflow_claw
D:3:      overflow_temple_1_default, ecumenical_altar_2, first_bread,
          patterned_corridor
D:4:      overflow_temple_1_default, nicolae_overflow_hidden_temple,
          lemuel_crystal_altar, minmay_temple_entry_statues_fountains, tso_altar
D:5:      uniq_duvessa
D:6:      lemuel_crystal_altar, kennysheep_little_box
D:7:      grunt_temple_overflow_opulence
Temple:   nicolae_temple_no_exploring_needed

Action                   |  1- 3 |  4- 6 || total
-------------------------+-------+-------++-------
Melee: Flail             |   156 |   300 ||   456
  Eat: Chunk             |     1 |    10 ||    11
